 Dungeon Sprint DCSS version 0.28-a0-245-g639a1a48b9 (webtiles) character file.

Game seed: 3099845421423067010

5314 MikeHunt the Kobold Cataclysm (level 10, -8/59 HPs)
             Began as a Kobold Fighter on Aug 24, 2021.
             Was a High Priest of Qazlal.
             Killed by mirror damage (11 damage)
             ... in the Dungeon (Sprint VII: "The Pits").
             The game lasted 00:05:53 (1684 turns).

MikeHunt the Kobold Cataclysm (Kobold Fighter)      Turns: 1684, Time: 00:05:53

Health: -8/59      AC: 15    Str: 17    XL:     10   Next: 95%
Magic:  14/22      EV: 14    Int:  9    God:    Qazlal [*****.]
Gold:   0          SH: 14    Dex: 15    Spells: 9/9 levels left

rFire   . . .      SeeInvis .   n - +2 long sword (holy)
rCold   . . .      Faith    .   c - +0 buckler
rNeg    . . .      Spirit   .   t - +4 scale mail
rPois   .          Reflect  .   (no helmet)
rElec   .          Harm     .   s - +0 cloak
rCorr   .          Rampage  .   (no gloves)
Will    .....      NoTele   +   (no boots)
Stlth   +.........              (no amulet)
HPRegen 0.19/turn               (no ring)
MPRegen 0.18/turn               (no ring)

@: protected from physical damage, repel missiles
A: small, no large weapons, nightstalker 3
a: Renounce Religion, Upheaval, Elemental Force, Disaster Area


You were in the Dungeon.
You worshipped Qazlal.
Qazlal was extremely pleased with you.
You visited 1 branch

Inventory:

Hand Weapons
 a - a +0 long sword
 n - a +2 long sword of holy wrath (weapon)
Missiles
 f - a curare-tipped dart (quivered)
Armour
 b - a +0 scale mail
 c - a +0 buckler (worn)
 o - a +3 scale mail
 s - a +0 cloak (worn)
 t - a +4 scale mail (worn)
 u - a +5 ring mail of poison resistance
 v - a +3 plate armour
Jewellery
 j - a +3 ring of intelligence
 p - a +3 ring of dexterity
Scrolls
 k - a scroll of summoning
Potions
 d - a potion of might
 e - 2 potions of invisibility
 g - 3 potions of haste
 h - 4 potions of magic
 i - a potion of berserk rage
 l - 6 potions of curing
 m - 8 potions of heal wounds
 q - 2 potions of brilliance
 r - a potion of mutation


   Skills:
 + Level 5.5 Fighting
 - Level 14.0 Long Blades
 + Level 4.2 Armour
 + Level 4.8 Dodging
 - Level 5.6 Shields
 - Level 16.1 Invocations


You had 9 spell levels left.
You didn't know any spells.
Your spell library was empty.

Dungeon Overview and Level Annotations

Branches:
Dungeon (1/1)

Altars:
Cheibriados
Dithmenos
Elyvilon
Fedhas
Gozag
Hepliaklqana
Makhleb
Nemelex Xobeh
Okawaru
Qazlal
Ru
Sif Muna
Trog
Vehumet
Wu Jian
Xom
Yredelemnul
Zin
The Shining One
Beogh
Jiyva
Lugonu


Innate Abilities, Weirdness & Mutations

You are small and have problems with some larger weapons.
You are completely attuned to the shadows.


Message History

You feel protected from physical attacks.
You hit the death knight but do no damage.
The death knight is heavily wounded.
You block the death knight's attack.
You hit the death knight.
The death knight is heavily wounded.
You hit the death knight.
The death knight is heavily wounded.
The death knight hits you with a +0 battleaxe!!
You feel more protected from physical attacks.
You are too injured to fight recklessly!
You are too injured to fight recklessly!
The death knight calls down the wrath of Yredelemnul upon you.
Your body is wracked with pain!
* * * LOW HITPOINT WARNING * * *
There is a huge open gate to the Metal Vault (Medium) here.
There is a huge open gate to the Metal Vault (Medium) here.
Aiming: Upheaval
Press: ? - help, Dir - move target, f - death knight
Aim: a death knight, wielding a +0 battleaxe and wearing a +0 chain mail (heavily wounded)
A blizzard blasts the area with ice!
The blast of ice hits the death knight.
The death knight is heavily wounded.
The death knight is flash-frozen.
The death knight is no longer encased in ice.
The death knight offers itself to Yredelemnul, and fills with unholy energy.
Aiming: Upheaval
Press: ? - help, Dir - move target, f/p - death knight
Aim: a death knight, wielding a +0 battleaxe and wearing a +0 chain mail (heavily wounded, reflecting injuries)
A storm cloud blasts the area with cutting wind!
The cutting wind hits the death knight!!
The death knight is severely wounded.
The death knight reflects your damage back at you!
* * * LOW HITPOINT WARNING * * *
The death knight is struck by lightning.
The death knight mumbles some strange prayers to Yredelemnul against you.
Your body is wracked with pain!
* * * LOW HITPOINT WARNING * * *
The death knight reflects your damage back at you!
You die...

########## ________.#
________.#
______...##########
##########'##..........
#.?(.')))'.##......#..#..
##########.##..☼°..........
#.).....)...'.☼...○○.......
#'#####'#####...@..#..#....
#.#...#.#[.##...☼.§p.......
#.#.†.#.#))#####○#####''##
#.#...')#))##.......##''#
#.##'####.)##.......##).#
#.#.†...#..##.......##).#
#.#.....#'###...<...##..#
#.
#.#........##.......##..#
#..
#.#........##.......##..##
#...


You could see a death knight (reflects damage).

Vanquished Creatures
  A hydra (D)
  A two-headed ogre (D)
  A deep troll (D)
  A deep elf zephyrmancer (D)
  An unseen horror (D)
  A rime drake (D)
  2 guardian mummies (D)
  A troll (D)
  A flying skull (D)
  5 yaks (D)
  A steam dragon (D)
  A water moccasin (D)
  A black bear (D)
  An orc warrior (D)
  A small abomination (D)
  2 necrophages (D)
  A phantom (D)
  A kobold brigand (D)
  2 scorpions (D)
  A quasit (D)
  An orc priest (D)
  Crazy Yiuf (D)
  An iguana (D)
  A river rat (D)
  A white imp (D)
  An ufetubus (D)
  2 orcs (D)
  A bat zombie (D)
  A hobgoblin (D)
  11 jackals (D)
  A quokka (D)
  A frilled lizard (D)
  A rat (D)
51 creatures vanquished.

Notes
Turn   | Place    | Note
-------+----------+-------------------------------------------
     0 | D        | MikeHunt the Kobold Fighter began the quest for the Orb.
     0 | D        | Reached XP level 1. HP: 14/14 MP: 1/1
    43 | D        | Found a bloodstained altar of Trog.
    43 | D        | Found a shimmering blue altar of Sif Muna.
    43 | D        | Found a viscous altar of Jiyva.
    43 | D        | Found a hazy altar of Hepliaklqana.
    43 | D        | Found an opulent altar of Gozag.
    44 | D        | Found a glowing golden altar of the Shining One.
    44 | D        | Found a glowing silver altar of Zin.
    44 | D        | Found a sacrificial altar of Ru.
    44 | D        | Found a stormy altar of Qazlal.
    44 | D        | Found a blossoming altar of Fedhas.
    45 | D        | Found a basalt altar of Yredelemnul.
    45 | D        | Found an iron altar of Okawaru.
    45 | D        | Found a white marble altar of Elyvilon.
    46 | D        | Found a shimmering altar of Xom.
    46 | D        | Found a sparkling altar of Nemelex Xobeh.
    46 | D        | Found a shadowy altar of Dithmenos.
    47 | D        | Found a burning altar of Makhleb.
    47 | D        | Found an ornate altar of the Wu Jian Council.
    47 | D        | Found a snail-covered altar of Cheibriados.
    48 | D        | Found a corrupted altar of Lugonu.
    48 | D        | Found a radiant altar of Vehumet.
    49 | D        | Became a worshipper of Qazlal Stormbringer
   192 | D        | Noticed a scorpion
   201 | D        | Reached XP level 2. HP: 19/19 MP: 2/2
   204 | D        | Killed a scorpion
   205 | D        | Reached skill level 5 in Shields
   205 | D        | Reached XP level 3. HP: 9/23 MP: 3/3
   205 | D        | Reached XP level 4. HP: 12/28 MP: 4/4
   311 | D        | Reached * piety under Qazlal
   312 | D        | Reached skill level 5 in Long Blades
   365 | D        | Reached ** piety under Qazlal
   366 | D        | Noticed a kobold brigand
   381 | D        | Killed a kobold brigand
   382 | D        | Reached skill level 4 in Invocations
   382 | D        | Reached XP level 5. HP: 25/32 MP: 4/8
   391 | D        | Reached *** piety under Qazlal
   513 | D        | Noticed a necrophage
   521 | D        | Killed a necrophage
   522 | D        | Reached skill level 6 in Invocations
   522 | D        | Reached XP level 6. HP: 37/37 MP: 8/10
   534 | D        | Noticed a flying skull
   537 | D        | Noticed Crazy Yiuf
   539 | D        | Killed a flying skull
   539 | D        | Reached **** piety under Qazlal
   540 | D        | Reached skill level 8 in Invocations
   540 | D        | Reached XP level 7. HP: 41/41 MP: 2/13
   555 | D        | Killed Crazy Yiuf
   556 | D        | Reached skill level 9 in Invocations
   716 | D        | Noticed a four-headed hydra
   740 | D        | Killed a four-headed hydra
   741 | D        | Reached skill level 10 in Long Blades
   741 | D        | Reached skill level 12 in Invocations
   741 | D        | Reached XP level 8. HP: 46/46 MP: 2/17
   858 | D        | Reached ***** piety under Qazlal
   981 | D        | Noticed a deep elf zephyrmancer
   984 | D        | Killed a deep elf zephyrmancer
   985 | D        | Reached skill level 13 in Invocations
   985 | D        | Reached XP level 9. HP: 51/51 MP: 9/19
  1122 | D        | Reached skill level 14 in Invocations
  1178 | D        | Noticed a deep troll
  1178 | D        | Noticed a rime drake
  1182 | D        | Noticed a guardian mummy
  1183 | D        | Killed a rime drake
  1183 | D        | Killed an unseen horror
  1184 | D        | Reached skill level 15 in Invocations
  1184 | D        | Reached XP level 10. HP: 7/56 MP: 11/21
  1186 | D        | Killed a deep troll
  1201 | D        | Reached skill level 16 in Invocations
  1330 | D        | Reached skill level 1 in Dodging
  1486 | D        | Noticed a two-headed ogre
  1494 | D        | Killed a two-headed ogre
  1509 | D        | Reached skill level 5 in Fighting
  1528 | D        | Reached ****** piety under Qazlal
  1663 | D        | Noticed a death knight
  1684 | D        | Killed by mirror damage

Illustrated notes

Levels and vault maps discovered:
D:        pitsprint [storerooms_1, entrance_room_1, metal_vault_3, armoury_3,
          mini_pit_1, grid_room_1, main_hall_1, silver_pit, the_coven_1,
          the_vestibule_1, steel_vault_1, golden_pit, hallway_of_sentries,
          crystal_vault_1, iron_vault_2, final_vault]

Skill      XL: |  1  2  3  4  5  6  7  8  9 10 |
---------------+-------------------------------+-----
Long Blades    | 2 4 6 7 8 10 12 14 | 14.0
Shields        | 3 5 |  5.6
Invocations    | 4 6 8 12 13 15 16 | 16.1
Dodging        | 4 |  4.8
Fighting       | 5 |  5.5
Armour         | 4 |  4.2

Action                   |  1- 3 |  4- 6 |  7- 9 | 10-12 || total
-------------------------+-------+-------+-------+-------++-------
Melee: Long sword        |    36 |    34 |    50 |    29 ||   149
Invok: Upheaval          |       |     2 |     7 |     9 ||    18
  Use: Potion            |     2 |     1 |     1 |     1 ||     5
       Scroll            |       |       |     1 |       ||     1
 Stab: Invisible         |       |       |     1 |       ||     1
Armor: Scale mail        |    11 |     5 |    12 |     2 ||    30
Dodge: Dodged            |    25 |    20 |    14 |    11 ||    70
Block: Buckler           |    13 |    12 |    21 |    23 ||    69
       Rpst.: Long sword |     7 |     6 |     2 |     3 ||    18

Table legend: (Time is in decaauts)
 A = Elapsed time spent in this place.
 B = Non-inter-level travel time spent in this place.
 C = Inter-level travel time spent in this place.
 D = Time resting spent in this place.
 E = Time spent auto-exploring this place.
 F = Levels seen in this place.
 G = Mean time per level.
                   A        B        C        D        E       F      G
               +--------+--------+--------+--------+--------+-----+--------+
         Total |   1703 |   1662 |     41 |   1048 |      0 |   1 | 1703.0 |
       Dungeon |   1703 |   1662 |     41 |   1048 |      0 |   1 | 1703.0 |
               +--------+--------+--------+--------+--------+-----+--------+

Top non-repeatable levels by time:
       D: 1703 daAuts
